 Dungeon Crawl Stone Soup version 0.23.2-40-g277498a001 (webtiles) character file.

Game seed: 15563539078778798179

63 grindst0ne the Skirmisher (level 4, 0/37 HPs)
             Began as a Human Artificer on Oct 21, 2019.
             Was an Initiate of Okawaru.
             Slain by a worm (9 damage)
             ... on level 2 of the Dungeon.
             The game lasted 00:03:16 (2325 turns).

grindst0ne the Skirmisher (Human Artificer)         Turns: 2325, Time: 00:03:16

Health: 0/37       AC:  3    Str: 13    XL:     4   Next: 30%
Magic:  6/6        EV: 12    Int: 11    God:    Okawaru [......]
Gold:   93         SH:  0    Dex: 14    Spells: 3/3 levels left

rFire    . . .     SeeInvis .   q - +0 hand axe
rCold    . . .     Gourm    .   (no shield)
rNeg     . . .     Faith    .   b - +0 leather armour
rPois    .         Spirit   .   (no helmet)
rElec    .         Reflect  .   (no cloak)
rCorr    .         Harm     .   (no gloves)
MR       .....                  (no boots)
Stlth    +.........             (no amulet)
HPRegen  0.12/turn              (no ring)
MPRegen  0.10/turn              (no ring)

@: no status effects
A: no striking features
a: Renounce Religion


You were on level 2 of the Dungeon.
You worshipped Okawaru.
Okawaru was noncommittal.
You were not hungry.

You visited 1 branch of the dungeon, and saw 2 of its levels.

You collected 93 gold pieces.

Inventory:

Hand Weapons
 a - a +0 short sword
 q - a +0 hand axe (weapon)
Armour
 b - a +0 leather armour (worn)
 k - a +0 plate armour
 t - a +0 chain mail
Wands
 c - a wand of flame (15)
 d - a wand of enslavement (15)
 e - a wand of random effects (15)
Scrolls
 h - 4 scrolls of teleportation {unknown}
 j - a scroll of magic mapping {unknown}
 m - a scroll of enchant weapon {unknown}
 n - 2 scrolls of enchant armour {unknown}
 o - a scroll of fog {unknown}
 p - a scroll of blinking {unknown}
 r - a scroll of identify {unknown}
Potions
 g - a potion of might
 l - a potion of curing {unknown}
 s - 2 potions of flight {unknown}
Comestibles
 f - 3 rations
 i - a chunk of flesh


   Skills:
 + Level 3.8 Fighting
 - Level 1.0 Short Blades
 - Level 2.0 Dodging
 - Level 1.0 Stealth
 - Level 3.0 Evocations


You had 3 spell levels left.
You didn't know any spells.
Your spell library was empty.

Dungeon Overview and Level Annotations

Branches:
Dungeon (2/15)

Altars:
Okawaru


Message History

You slash the worm!
The worm is heavily wounded.
The worm bites you!
You barely miss the worm.
The worm is heavily wounded.
The worm bites you!
You hit the worm.
The worm is heavily wounded.
You hit the worm but do no damage.
The worm is heavily wounded.
The worm bites you!
* * * LOW HITPOINT WARNING * * *
You hit the worm.
The worm is severely wounded.
The worm bites you.
* * * LOW HITPOINT WARNING * * *
You hit the worm.
The worm is almost dead.
The worm bites you!
You die...

.. #.#.#.........
#.##.#.###.##...)
#..#.#÷# #.##.###
###.#†#.###.##(###
#.......#.........
#.##..###.........
#...........######
#######..###....#...≈g
#....@w..[#.....#.8.≈≈
#.#####.#.#####.#8_8..
...#.......#.8.≈≈
#####.#.....#...≈g
..............######
#.#...........#
#......####.# #......#
# #.......


You could see a worm.

Vanquished Creatures
  A worm (D:2)
  2 dart slugs
  3 leopard geckos
  A ball python (D:1)
  2 bats (D:1)
  A giant cockroach (D:1)
  9 goblins
  6 hobgoblins
  6 jackals (D:2)
  3 quokkas (D:2)
  4 frilled lizards
  4 kobolds
  3 rats
45 creatures vanquished.

Notes
Turn   | Place    | Note
-------+----------+-------------------------------------------
     0 | D:1      | grindst0ne the Human Artificer began the quest for the Orb.
     0 | D:1      | Reached XP level 1. HP: 15/15 MP: 3/3
    78 | D:1      | Reached XP level 2. HP: 20/22 MP: 4/4
   616 | D:1      | Reached XP level 3. HP: 25/28 MP: 5/5
  1083 | D:1      | You fall through a shaft!
  1316 | D:2      | HP: 1/29 [jackal (1)]
  1797 | D:2      | Reached XP level 4. HP: 19/35 MP: 6/6
  2069 | D:2      | Found an iron altar of Okawaru.
  2107 | D:2      | Became a worshipper of Warmaster Okawaru
  2325 | D:2      | Slain by a worm

Skill      XL: |  1  2  3 |
---------------+----------+-----
Fighting       | 2 3 |  3.8
Short Blades   | |  1.0
Dodging        | |  2.0
Stealth        | |  1.0
Evocations     | |  3.0

Action                   |  1- 3 |  4- 6 || total
-------------------------+-------+-------++-------
Melee: Short sword       |   106 |       ||   106
       Hand axe          |    52 |    40 ||    92
  Use: Potion            |     1 |       ||     1
 Stab: Sleeping          |     1 |       ||     1
  Eat: Chunk             |     2 |     3 ||     5
Armor: Leather armour    |    33 |     6 ||    39
Dodge: Dodged            |    91 |    36 ||   127
